 Dungeon Crawl Stone Soup version 0.30-a0-618-gd6c86c23d0 (webtiles) character file.

Game seed: 17362659378170342933

79 Leeroy the Sneak (level 4, 0/24 HPs)
             Began as a Kobold Enchanter on Jan 9, 2023.
             Slain by an orc
             ... wielding a +0 whip
              (3 damage)
             ... on level 3 of the Dungeon.
             The game lasted 00:02:27 (2083 turns).

Leeroy the Sneak (Kobold Enchanter)                 Turns: 2083, Time: 00:02:28

Health: 0/24       AC:  3    Str:  5    XL:     4   Next: 64%
Magic:  7/7        EV: 15    Int: 22    God:
Gold:   99         SH:  0    Dex: 17    Spells: 5/7 levels left

rFire   . . .      SeeInvis .    a - +1 dagger
rCold   . . .      Faith    .    (no shield)
rNeg    . . .      Spirit   .    b - +0 robe
rPois   .          Reflect  .    (no helmet)
rElec   .          Harm     .    (no cloak)
rCorr   .          Rampage  .    (no gloves)
Will    .....                    q - +0 pair of boots
Stlth   ++++                     (no amulet)
HPRegen 0.24/turn                i - +6 ring of intelligence
MPRegen 0.10/turn                (no ring)

@: no status effects
A: small, no large weapons, nightstalker 3
a: no special abilities


You were on level 3 of the Dungeon.
You visited 1 branch of the dungeon, and saw 3 of its levels.

You collected 99 gold pieces.

Inventory:

Hand Weapons
 a - a +1 dagger (weapon)
 r - a +0 long sword
Missiles
 e - 2 poisoned darts (quivered)
Armour
 b - a +0 robe (worn)
 q - a +0 pair of boots (worn)
Jewellery
 i - a +6 ring of intelligence (left hand)
 p - a ring of poison resistance
Wands
 t - a wand of acid (10)
Scrolls
 h - 4 scrolls of identify {unknown}
 j - a scroll of fear {unknown}
 k - 3 scrolls of immolation {unknown}
 l - a scroll of noise {unknown}
 m - 3 scrolls of teleportation {unknown}
 u - 2 scrolls of enchant armour {unknown}
Potions
 c - 3 potions of invisibility
 d - a potion of brilliance {unknown}
 f - a potion of curing {unknown}
 g - a potion of haste {unknown}
 n - 3 potions of might {unknown}
 o - a potion of heal wounds {unknown}
 s - 2 potions of attraction {unknown}


   Skills:
 - Level 1.3 Short Blades
 + Level 3.2 Dodging
 + Level 6.6 Stealth
 - Level 2.1 Spellcasting
 - Level 3.0 Hexes


You had 5 spell levels left.
You knew the following spells:

 Your Spells              Type           Power      Damage    Failure   Level
a - Ensorcelled Hibernat  Hex/Ice        16%        N/A       11%         2

Your spell library contained the following spells:

 Spells                   Type           Power      Damage    Failure   Level
 Confusing Touch          Hex            15%        N/A       12%         3
 Tukima's Dance           Hex            15%        N/A       12%         3
 Dazzling Flash           Conj/Hex       16%        N/A       22%         3


Dungeon Overview and Level Annotations

Branches:
Dungeon (3/15)

Altars:

Shops:
D:1 (=??


Innate Abilities, Weirdness & Mutations

You are small and have problems with some larger weapons.
You are completely attuned to the shadows.


Message History

No target in view!
No target in view!
No target in view!
No target in view!
Found a club.
You see here 3 stones.
There is a stone staircase leading down here.
An orc comes into view. It is wielding a +0 hand axe.
An orc and an orc wizard come into view.
An orc wizard comes into view. It is wielding a +0 dagger.
Found a stone staircase leading up.
The helpless orc fails to defend itself.
You impale the orc!!
You kill the orc!
The orc wizard shouts!
You hear a shout!
An orc comes into view. It is wielding a +0 short sword.
The orc wizard hits you with a +0 dagger.
The orc closely misses you.
Things that are here:
a +0 hand axe; a +0 leather armour The orc wizard shouts!
You hit the orc wizard but do no damage.
The orc wizard casts a spell at you. The puff of flame hits you!
The orc completely misses you.
You hit the orc wizard.
The orc wizard is lightly wounded.
The orc wizard casts a spell.
The orc wizard flickers and vanishes!
Deactivating autopickup; reactivate with Ctrl-A.
The orc hits you with a +0 whip.
You are too injured to fight recklessly!
You are too injured to fight recklessly!
You are too injured to fight recklessly!
You are too injured to fight recklessly!
The orc attacks as you move away! The orc hits you with a +0 short sword.
* * * LOW HITPOINT WARNING * * *
Something hits you.
* * * LOW HITPOINT WARNING * * *
The orc attacks as you move away! The orc hits you with a +0 whip.
You die...

.###.###. #.....#
.###.# .# #...#.##
.....###.#
###.#..#####
.........# #.#
#........# ........#
#.# ...# ##.........
##......### #.##...#
#..........
##........####......#
#..........
##......#......##o<.#
#..........
#......######..@{..#
##......... #......#
####o..# ##...#...#
.....# o..# #########
...# ...#


You could see an orc wizard and 2 orcs.

Vanquished Creatures
  An adder (D:3)
  A worm (D:3)
  4 dart slugs
  An orc (D:3)
  4 ball pythons
  2 endoplasms (D:1)
  4 goblins
  5 hobgoblins
  9 jackals
  3 quokkas
  8 bats
  2 frilled lizards (D:2)
  6 kobolds
  5 rats
55 creatures vanquished.

Notes
Turn   | Place    | Note
-------+----------+-------------------------------------------
     0 | D:1      | Leeroy the Kobold Enchanter began the quest for the Orb.
     0 | D:1      | Reached XP level 1. HP: 10/10 MP: 3/3
    70 | D:1      | Reached XP level 2. HP: 15/15 MP: 5/5
   128 | D:1      | Found Wiruf's Magic Scroll Boutique.
   161 | D:1      | Reached skill level 5 in Stealth
   269 | D:1      | Found a faded altar of an unknown god.
   282 | D:1      | Learned a level 2 spell: Ensorcelled Hibernation
   293 | D:1      | Found Yxuwob's Weapon Shoppe.
   319 | D:1      | Found Reaxiel's Jewellery Shop.
   325 | D:1      | Reached XP level 3. HP: 14/19 MP: 6/6
   673 | D:1      | Found Fiyn Ket's Magic Scroll Emporium.
  1309 | D:2      | Reached skill level 6 in Stealth
  1316 | D:2      | Reached XP level 4. HP: 23/24 MP: 7/7
  2083 | D:3      | Slain by an orc

Illustrated notes

Levels and vault maps discovered:
D:1:      dpeg_arrival_simpleton_c, layout_loops_ring, serial_shops,
          nicolae_shop_temple_entry_statues_fountains, shop,
          nicolae_square_shop, nicolae_shop_statue_plus,
          shapermc_ecumenical_altar_gd
D:2:      layout_basic
D:3:      layout_rooms, minivault_23, corexii_shack

Skill      XL: |  1  2  3 |
---------------+----------+-----
Stealth        | 5 6 |  6.6
Dodging        | 3 |  3.2
Short Blades   | |  1.3
Spellcasting   | |  2.1
Hexes          | |  3.0

Action                   |  1- 3 |  4- 6 || total
-------------------------+-------+-------++-------
Melee: Dagger            |   103 |    63 ||   166
       Punch             |     1 |       ||     1
 Stab: Sleeping          |    19 |     6 ||    25
Armor: Robe              |    13 |    11 ||    24
Dodge: Dodged            |    72 |    29 ||   101

Table legend: (Time is in decaauts)
 A = Elapsed time spent in this place.
 B = Non-inter-level travel time spent in this place.
 C = Inter-level travel time spent in this place.
 D = Time resting spent in this place.
 E = Time spent auto-exploring this place.
 F = Levels seen in this place.
 G = Mean time per level.
                   A        B        C        D        E       F      G
               +--------+--------+--------+--------+--------+-----+--------+
         Total |   2071 |   2042 |     29 |      0 |   1634 |   3 |  690.3 |
       Dungeon |   2071 |   2042 |     29 |      0 |   1634 |   3 |  690.3 |
               +--------+--------+--------+--------+--------+-----+--------+

Top non-repeatable levels by time:
     D:1: 960 daAuts
     D:2: 627 daAuts
     D:3: 484 daAuts
